 Dungeon Crawl Stone Soup version 0.31-a0-881-ge136f0c47a (webtiles) character file.

Game seed: 17029195127867237955

277 ipx the Chopper (level 6, -2/32 HPs)
             Began as a Vine Stalker Fighter on Oct 15, 2023.
             Slain by a gnoll sergeant
             ... wielding a +7 spear
              (3 damage)
             ... on level 6 of the Dungeon.
             The game lasted 00:07:16 (731 turns).

ipx the Chopper (Vine Stalker Fighter)               Turns: 731, Time: 00:07:16

Health: -2/32      AC:  7    Str: 20    XL:     6   Next: 25%
Magic:  0/7        EV:  9    Int:  8    God:
Gold:   84         SH:  4    Dex: 14    Spells: 5/5 levels left

rFire   . . .        a - +0 war axe (freeze)
rCold   . . .        c - +0 buckler
rNeg    . . .        f - +0 scale mail
rPois   .            (no helmet)
rElec   .            (no cloak)
rCorr   .            (no gloves)
SInv    .            h - +0 pair of boots
Will    +....        (no amulet) Stlth
                     m - ring of willpower
HPRegen 1.05/turn    (no ring)
MPRegen 0.10/turn

%: guardian spirit
@: no status effects
A: fangs 2, regeneration 1, magic shield, antimagic bite, no potion heal 2
a: no special abilities


You were on level 6 of the Dungeon.
You visited 1 branch of the dungeon, and saw 6 of its levels.

You collected 84 gold pieces.

Inventory:

Hand Weapons
 a - a +0 war axe of freezing (weapon)
 b - a +0 war axe
Missiles
 g - a throwing net
 o - 2 boomerangs
 p - 9 poisoned darts
Armour
 c - a +0 buckler (worn)
 f - a +0 scale mail (worn)
 h - a +0 pair of boots (worn)
Jewellery
 m - a ring of willpower (left hand)
Wands
 q - a wand of flame (19)
Scrolls
 e - a scroll of acquirement {unknown}
 i - 2 scrolls of enchant weapon {unknown}
 j - a scroll of noise {unknown}
 n - a scroll of enchant armour {unknown}
 r - a scroll of identify {unknown}
 s - a scroll of amnesia {unknown}
Potions
 d - 2 potions of might
 k - a potion of haste {unknown}
 l - 3 potions of curing {unknown}
 t - a potion of heal wounds {unknown}


   Skills:
 - Level 2.6 Fighting
 + Level 5.5 Axes
 - Level 2.4 Armour
 - Level 2.6 Shields
 + Level 1.3 Evocations


You had 5 spell levels left.
You didn't know any spells.
Your spell library contained the following spells:

 Spells                   Type           Power      Damage    Failure   Level
 Necrotise                Necr           0%         1d4       85%         1
 Cigotuvi's Dreadful Rot  Necr/Pois/Air  0%         N/A       94%         2
 Ignite Poison            Fire/Tmut/Pois 0%         N/A       99%         3
 Vampiric Draining        Necr           0%         2d6       99%         3
 Agony                    Necr           0%         N/A       100%        5
 Freezing Cloud           Conj/Ice/Air   0%         6-21      100%        5


Dungeon Overview and Level Annotations

Branches:
Dungeon (6/15)
 Temple: D:4-7

Altars:
Hepliaklqana


Innate Abilities, Weirdness & Mutations

You have extremely sharp teeth.
Your natural rate of healing is unusually fast.
When hurt, damage is shared between your health and your magic reserves.
Your bite disrupts and absorbs the magic of your enemies.
Potions cannot restore your health.


Message History

You kill the adder!
You climb downwards.
The shadow imp shouts, "Bolt, thou currish wibble-sucking toady!"
The gnoll sergeant shouts!
The gnoll shouts! x2; You hear a shout! x2
Found an ivory ring.
There is a stone staircase leading up here.
You slash the gnoll! You freeze the gnoll.
The gnoll is almost dead.
You hit the gnoll but do no damage. You block the gnoll's attack.
The gnoll barely misses you.
The gnoll hits you from afar with a +0 halberd!
You barely miss the gnoll. Your bite misses the gnoll.
The gnoll is almost dead.
You slash the gnoll! You freeze the gnoll.
The gnoll hits you with a +0 halberd. The gnoll closely misses you.
The gnoll barely misses you. The gnoll misses you.
You block the shadow imp's attack. The gnoll hits you but does no damage.
The gnoll sergeant completely misses you.
An orc warrior comes into view. It is wielding a +0 glaive.
The gnoll hits you with a +0 halberd. The gnoll hits you but does no damage.
You slash the gnoll! You freeze the gnoll.
You kill the gnoll!
You slash the gnoll! You freeze the gnoll. You barely miss the gnoll.
You hit the shadow imp. The shadow imp completely misses you.
The gnoll barely misses you.
The gnoll sergeant completely misses you.
The gnoll hits you with a +0 spear.
The gnoll hits you from afar with a +0 halberd!
* * * LOW HITPOINT WARNING * * *
You hit the gnoll. You freeze the gnoll.
You kill the gnoll!
You barely miss the gnoll. You slash the shadow imp!
You kill the shadow imp!
An orc comes into view. It is wielding a +0 dagger.
The gnoll hits you from afar with a +0 halberd.
* * * LOW HITPOINT WARNING * * *
The gnoll hits you with a +0 whip.
* * * LOW HITPOINT WARNING * * *
The gnoll sergeant hits you from afar with a +7 spear.
You die...

#....#
#...<#.. ...#
#....+.. ...#
#...##...
...# #...
#... ...# .
.....
#...##..=##..
......
#............
.......
#..gg....#
.......
#..g)@...#
#...)........
######.......
o......
...##.. o..#
. .... ...##


You could see an orc warrior, a gnoll sergeant, 2 gnolls and an orc.

Vanquished Creatures
  A scorpion (D:4)
  2 hounds
  An iguana (D:5)
  A sleepcap (D:4)
  An orc wizard (D:4)
  3 adders
  2 gnolls (D:6)
  A shadow imp (D:6)
  3 dart slugs
  4 orcs (D:4)
  4 endoplasms
  2 giant cockroaches (D:1)
  2 goblins
  6 hobgoblins
  A kobold (D:1)
  6 quokkas
  2 ball pythons (D:1)
  2 bats
  3 rats (D:1)
47 creatures vanquished.

Notes
Turn   | Place    | Note
-------+----------+-------------------------------------------
     0 | D:1      | ipx the Vine Stalker Fighter began the quest for the Orb.
     0 | D:1      | Reached XP level 1. HP: 11/11 MP: 2/2
     9 | D:2      | Reached skill level 2 in Axes
     9 | D:2      | Reached XP level 2. HP: 16/16 MP: 1/3
    63 | D:1      | Reached skill level 3 in Axes
    72 | D:1      | Reached XP level 3. HP: 18/19 MP: 4/4
   462 | D:4      | Noticed a scorpion
   471 | D:4      | Reached skill level 4 in Axes
   471 | D:4      | Reached XP level 4. HP: 14/23 MP: 3/5
   479 | D:4      | Killed a scorpion
   480 | D:4      | Reached XP level 5. HP: 13/27 MP: 6/6
   503 | D:4      | Reached skill level 5 in Axes
   552 | D:5      | Entered Level 5 of the Dungeon
   687 | D:5      | Reached XP level 6. HP: 28/32 MP: 4/7
   689 | D:5      | Found a hazy altar of Hepliaklqana.
   707 | D:5      | Reached skill level 1 in Evocations
   729 | D:6      | Noticed an orc warrior
   731 | D:6      | HP: 1/32 [gnoll/+0 whip[a gnoll sergeant] (3)]
   731 | D:6      | Slain by a gnoll sergeant

Illustrated notes

Levels and vault maps discovered:
D:1:      dpeg_arrival_fog, layout_rooms, st_stairs_6, minivault_26
D:2:      layout_loops_ring, kennysheep_big_empty_room
D:3:      layout_loops_ring, minmay_misc_feat_tiny
D:4:      layout_rooms, minmay_temple_entry_fiery, st_stairs_11,
          kennysheep_pointless_box, guppyfry_shop_venom
D:5:      layout_basic, nicolae_hepliaklqana_hazy_memory, ashenzari_altar_1,
          portal_sewer_entry_b, kennysheep_boxes
D:6:      layout_gridville, amcnicky_altar_gilded

Skill      XL: |  1  2  3  4  5  6 |
---------------+-------------------+-----
Axes           | 2 3 4 5 |  5.5
Evocations     | 1 |  1.3
Fighting       | |  2.6
Armour         | |  2.4
Shields        | |  2.6

Action                     |  1- 3 |  4- 6 || total
---------------------------+-------+-------++-------
  Melee: War axe           |    55 |    76 ||   131
         Bite              |    10 |    11 ||    21
 Armour: Scale mail        |    37 |    68 ||   105
  Dodge: Dodged            |    27 |    30 ||    57
  Block: Buckler           |     9 |    11 ||    20

Table legend: (Time is in decaauts)
 A = Elapsed time spent in this place.
 B = Non-inter-level travel time spent in this place.
 C = Inter-level travel time spent in this place.
 D = Time resting spent in this place.
 E = Time spent auto-exploring this place.
 F = Levels seen in this place.
 G = Mean time per level.
                   A        B        C        D        E       F      G
               +--------+--------+--------+--------+--------+-----+--------+
         Total |    775 |    768 |      7 |      0 |      0 |   6 |  129.2 |
       Dungeon |    775 |    768 |      7 |      0 |      0 |   6 |  129.2 |
               +--------+--------+--------+--------+--------+-----+--------+

Top non-repeatable levels by time:
     D:2: 200 daAuts
     D:4: 183 daAuts
     D:1: 159 daAuts
     D:5: 137 daAuts
     D:3: 88 daAuts
     D:6: 6 daAuts
